NYP
CONNECTICUT TIGERS @ STATEN ISLAND YANKEES
07/24/2044
 
TOP OF THE 1ST
Connecticut Tigers batting - Pitching for Staten Island Yankees : LHP Ricky Espinoza
Pitching: LHP Ricky Espinoza
Batting: RHB Brandon O'Malley 0-0: Ball
1-0: Called Strike
1-1: Ball
2-1: Ball
3-1: Foul Ball, location: 2F
3-2: TRIPLE (Groundball, 3L, EV 97.5 MPH)
Batting: SHB Adam Weber 0-0: Ball
1-0: Ground out 6-3 (Groundball, 6S, EV 70.6 MPH)
Brandon O'Malley scores
Batting: RHB Aaron Cusick 0-0: Ball
1-0: Ball
2-0: Called Strike
2-1: Ball
3-1: Fly out, F5 (Popup, 56S, EV 83.1 MPH)
Batting: RHB Eric Angelle 0-0: Ball
1-0: Ball
2-0: Ball
3-0: Called Strike
3-1: Foul Ball, location: 2F
3-2: Ground out 6-3 (Groundball, 6, EV 78.8 MPH)
Top of the 1st over - 1 run, 1 hit, 0 errors, 0 left on base; Connecticut 1 - Staten Island 0
BOTTOM OF THE 1ST
Staten Island Yankees batting - Pitching for Connecticut Tigers : RHP John Evancho
Pitching: RHP John Evancho
Batting: LHB Tatsuo Yasui 0-0: Ball
1-0: Called Strike
1-1: Hit by Pitch
Batting: RHB Steve Martin 0-0: Called Strike
0-1: Ball
1-1: Called Strike
Tatsuo Yasui steals 2nd base
1-2: Ball
2-2: Ball
3-2: SINGLE (Groundball, 34D, EV 108.8 MPH)
Tatsuo Yasui to third
Runner from 3rd tries for Home, SAFE, throw by RF to home
Batting: LHB Roald Jacobs 0-0: Grounds into double play, 4-6-3 (Groundball, 4S, EV 88.1 MPH)
Batting: RHB Andres Valles 0-0: Ball
1-0: Foul Ball, location: 2F
1-1: SINGLE (Groundball, 6MD, EV 113.8 MPH)
Batting: LHB Claudio Kamminga 0-0: Ball
1-0: Swinging Strike
1-1: Foul Ball, location: 2F
1-2: Ground out 1-3 (Groundball, 34S, EV 63.1 MPH)
Bottom of the 1st over - 1 run, 2 hits, 0 errors, 1 left on base; Connecticut 1 - Staten Island 1
TOP OF THE 2ND
Connecticut Tigers batting - Pitching for Staten Island Yankees : LHP Ricky Espinoza
Batting: RHB Tanner Purchase 0-0: Ball
1-0: Called Strike
1-1: Foul Ball, location: 2F
1-2: Strikes out looking
Batting: RHB Keith Hoffman 0-0: Swinging Strike
0-1: Foul Ball, location: 2F
0-2: Ball
1-2: Ball
2-2: Strikes out looking
Batting: RHB John Welch 0-0: Called Strike
0-1: Ground out U3 (Groundball, 3, EV 77.5 MPH)
Top of the 2nd over - 0 runs, 0 hits, 0 errors, 0 left on base; Connecticut 1 - Staten Island 1
BOTTOM OF THE 2ND
Staten Island Yankees batting - Pitching for Connecticut Tigers : RHP John Evancho
Batting: RHB Chris Diaz 0-0: Ball
1-0: Ball
2-0: TRIPLE (Line Drive, 89XD, EV 102.5 MPH)
Batting: LHB Mario Hurtado 0-0: Ball
1-0: Ball
2-0: Ball
Wild Pitch!
Chris Diaz scores
3-0: Base on Balls
Batting: SHB Victor Martinez 0-0: Ball
1-0: Ball
Wild Pitch!
Mario Hurtado to second
2-0: SINGLE (Groundball, 56D, EV 105.0 MPH)
Mario Hurtado to third
Batting: LHB Alex Genao 0-0: Ball
1-0: Fly out, F9 (Flyball, 9, EV 87.5 MPH)
Batting: LHB Tatsuo Yasui 0-0: Ball
1-0: Called Strike
1-1: SINGLE (Line Drive, 34D, EV 105.6 MPH)
Mario Hurtado scores
Victor Martinez to second
Batting: RHB Steve Martin 0-0: Called Strike
0-1: Foul Ball, location: 2F
0-2: Foul Ball, location: 2F
0-2: Grounds into double play, 4-6-3 (Groundball, 4S, EV 78.8 MPH)
Bottom of the 2nd over - 2 runs, 3 hits, 0 errors, 1 left on base; Connecticut 1 - Staten Island 3
TOP OF THE 3RD
Connecticut Tigers batting - Pitching for Staten Island Yankees : LHP Ricky Espinoza
Batting: RHB Riley Menger 0-0: Foul Ball, location: 2F
0-1: Ball
1-1: Ground out 4-3 (Groundball, 4MS, EV 62.5 MPH)
Batting: RHB Jeremy Guidone 0-0: Ball
1-0: Ball
2-0: Ball
3-0: Base on Balls
Batting: RHB Brandon O'Malley 0-0: Foul Ball, location: 2F
0-1: Foul Ball, location: 2F
0-2: Ball
1-2: Strikes out swinging
Batting: SHB Adam Weber 0-0: Ball
1-0: Ball
Jeremy Guidone steals 2nd base
2-0: SINGLE (Groundball, 4MD, EV 98.8 MPH)
Jeremy Guidone to third
Runner from 3rd tries for Home, SAFE, throw by CF to home
Batting: RHB Aaron Cusick 0-0: Ball
Adam Weber steals 2nd base
1-0: Swinging Strike
1-1: Called Strike
1-2: Foul Ball, location: 2F
1-2: Ball
Wild Pitch!
Adam Weber to third
2-2: Strikes out swinging
Top of the 3rd over - 1 run, 1 hit, 0 errors, 1 left on base; Connecticut 2 - Staten Island 3
BOTTOM OF THE 3RD
Staten Island Yankees batting - Pitching for Connecticut Tigers : RHP John Evancho
Batting: LHB Roald Jacobs 0-0: Ground out 6-3 (Groundball, 6, EV 100.6 MPH)
Batting: RHB Andres Valles 0-0: Ball
1-0: Foul Ball, location: 2F
1-1: Ground out 1-3 (Groundball, 13S, EV 68.1 MPH)
Batting: LHB Claudio Kamminga 0-0: Fly out, F9 (Flyball, 9LM, EV 90.0 MPH)
Bottom of the 3rd over - 0 runs, 0 hits, 0 errors, 0 left on base; Connecticut 2 - Staten Island 3
TOP OF THE 4TH
Connecticut Tigers batting - Pitching for Staten Island Yankees : LHP Ricky Espinoza
Batting: RHB Eric Angelle 0-0: SINGLE (Flyball, 56D, EV 89.4 MPH)
Batting: RHB Tanner Purchase 0-0: SINGLE (Groundball, 6D, EV 105.0 MPH)
Eric Angelle to second
Batting: RHB Keith Hoffman 0-0: Swinging Strike
0-1: SINGLE (Groundball, 56D, EV 105.0 MPH)
Eric Angelle to third
Tanner Purchase to second
Runner from 3rd tries for Home, SAFE, throw by LF to home
Batting: RHB John Welch 0-0: Foul Ball, location: 2F
0-1: Ball
1-1: Foul Ball, location: 2F
1-2: Ball
2-2: Ball
3-2: Foul Ball, location: 2F
3-2: Foul Ball, location: 2F
3-2: Foul Ball, location: 2F
3-2: Strikes out swinging
Batting: RHB Riley Menger 0-0: Ball
Tanner Purchase steals 3rd base
1-0: Fly out, F9 (Flyball, 89S, EV 91.2 MPH)
Batting: RHB Jeremy Guidone 0-0: Called Strike
0-1: Ball
1-1: Foul Ball, location: 2F
1-2: Ball
2-2: Fly out, F8 (Flyball, 8LM, EV 91.2 MPH)
Top of the 4th over - 1 run, 3 hits, 0 errors, 2 left on base; Connecticut 3 - Staten Island 3
BOTTOM OF THE 4TH
Staten Island Yankees batting - Pitching for Connecticut Tigers : RHP John Evancho
Batting: RHB Chris Diaz 0-0: Foul Ball, location: 2F
0-1: Called Strike
0-2: Ball
1-2: SINGLE (Groundball, 56S, EV 93.8 MPH)
Batting: LHB Mario Hurtado 0-0: Ball
Chris Diaz steals 2nd base
1-0: Ball
2-0: SINGLE (Groundball, 6MD, EV 98.1 MPH)
Chris Diaz to third
Runner from 3rd tries for Home, SAFE, throw by CF to home
Batting: SHB Victor Martinez 0-0: Ball
Mario Hurtado is caught stealing 2nd base 2-6
1-0: Ground out 1-3 (Groundball, P, EV 70.6 MPH)
Batting: LHB Alex Genao 0-0: Ball
1-0: Ground out U3 (Groundball, 3L, EV 78.1 MPH)
Bottom of the 4th over - 1 run, 2 hits, 0 errors, 0 left on base; Connecticut 3 - Staten Island 4
TOP OF THE 5TH
Connecticut Tigers batting - Pitching for Staten Island Yankees : LHP Ricky Espinoza
Batting: RHB Brandon O'Malley 0-0: Called Strike
0-1: Ground out 5-3 (Groundball, 56, EV 105.0 MPH)
Batting: SHB Adam Weber 0-0: Fly out, F9 (Flyball, 9D, EV 100.6 MPH)
Batting: RHB Aaron Cusick 0-0: Hit by Pitch
Batting: RHB Eric Angelle 0-0: Foul Ball, location: 2F
0-1: Ball
1-1: Foul Ball, location: 2F
1-2: Ball
2-2: Ball
3-2: Fly out, F9 (Flyball, 89S, EV 91.2 MPH)
Top of the 5th over - 0 runs, 0 hits, 0 errors, 1 left on base; Connecticut 3 - Staten Island 4
BOTTOM OF THE 5TH
Staten Island Yankees batting - Pitching for Connecticut Tigers : RHP John Evancho
Batting: LHB Tatsuo Yasui 0-0: Ball
1-0: Ball
2-0: Ball
3-0: Foul Ball, location: 2F
3-1: Foul Ball, location: 2F
3-2: Strikes out swinging
Batting: RHB Steve Martin 0-0: Called Strike
0-1: Ball
1-1: SINGLE (Line Drive, 8RS, EV 101.2 MPH)
Batting: LHB Roald Jacobs 0-0: Ball
1-0: Called Strike
1-1: Ball
2-1: Called Strike
2-2: Strikes out swinging
Batting: RHB Andres Valles 0-0: Ball
Steve Martin steals 2nd base
1-0: Ball
Passed Ball!
Steve Martin to third
2-0: Fly out, F6 (Popup, 6, EV 53.8 MPH)
Bottom of the 5th over - 0 runs, 1 hit, 0 errors, 1 left on base; Connecticut 3 - Staten Island 4
TOP OF THE 6TH
Connecticut Tigers batting - Pitching for Staten Island Yankees : LHP Ricky Espinoza
Batting: RHB Tanner Purchase 0-0: Called Strike
0-1: Ball
1-1: Ball
2-1: Swinging Strike
2-2: Foul Ball, location: 2F
2-2: Strikes out swinging
Batting: RHB Keith Hoffman 0-0: Fly out, F8 (Line Drive, 8LM, EV 86.9 MPH)
Batting: RHB John Welch 0-0: Ball
1-0: Foul Ball, location: 2F
1-1: Ball
2-1: Fly out, F7 (Flyball, 78D, EV 94.4 MPH)
Top of the 6th over - 0 runs, 0 hits, 0 errors, 0 left on base; Connecticut 3 - Staten Island 4
BOTTOM OF THE 6TH
Staten Island Yankees batting - Pitching for Connecticut Tigers : RHP John Evancho
Batting: LHB Claudio Kamminga 0-0: Ball
1-0: Ball
2-0: Called Strike
2-1: Ball
3-1: Called Strike
3-2: Base on Balls
Batting: RHB Chris Diaz 0-0: Ball
1-0: Ball
2-0: Ground out 5-3 (Groundball, 6S, EV 81.9 MPH)
Claudio Kamminga to second
Batting: LHB Mario Hurtado 0-0: Foul Ball, location: 2F
0-1: Ball
1-1: Fly out, F9 (Flyball, 9LS, EV 91.2 MPH)
Batting: SHB Victor Martinez 0-0: Foul Ball, location: 2F
0-1: SINGLE (Line Drive, 56, EV 93.8 MPH)
Claudio Kamminga to third
Batting: LHB Alex Genao 0-0: Ground out U3 (Groundball, 3S, EV 63.1 MPH)
Bottom of the 6th over - 0 runs, 1 hit, 0 errors, 2 left on base; Connecticut 3 - Staten Island 4
TOP OF THE 7TH
Connecticut Tigers batting - Pitching for Staten Island Yankees : LHP Ricky Espinoza
Batting: RHB Riley Menger 0-0: Called Strike
0-1: Swinging Strike
0-2: Foul Ball, location: 2F
0-2: Ball
1-2: Ball
2-2: Ball
3-2: Base on Balls
Batting: RHB Jeremy Guidone 0-0: Bunted foul
0-1: Bunted foul
0-2: Foul Ball, location: 2F
0-2: Ball
Wild Pitch!
Riley Menger to second
1-2: Strikes out looking
Pitching: RHP Dan Welsh
Batting: RHB Brandon O'Malley 0-0: Foul Ball, location: 2F
0-1: Ground out 5-3 (Groundball, 56, EV 101.9 MPH)
Batting: SHB Adam Weber 0-0: Ball
1-0: Called Strike
1-1: Ball
2-1: Called Strike
2-2: Ball
3-2: Foul Ball, location: 2F
3-2: Base on Balls
Batting: RHB Aaron Cusick 0-0: Ball
1-0: Foul Ball, location: 2F
1-1: Ground out 4-3 (Groundball, 4S, EV 71.9 MPH)
Top of the 7th over - 0 runs, 0 hits, 0 errors, 2 left on base; Connecticut 3 - Staten Island 4
BOTTOM OF THE 7TH
Staten Island Yankees batting - Pitching for Connecticut Tigers : RHP John Evancho
Pitching: LHP Chris Woodruff
Batting: LHB Tatsuo Yasui 0-0: Foul Ball, location: 2F
0-1: Ball
1-1: Ball
2-1: Called Strike
2-2: Strikes out swinging
Pitching: RHP Juan Murillo
Batting: RHB Steve Martin 0-0: Fly out, F5 (Line Drive, 5, EV 75.0 MPH)
Batting: LHB Roald Jacobs 0-0: Ball
1-0: SINGLE (Flyball, 5D, EV 90.0 MPH)
Batting: RHB Andres Valles 0-0: Ball
Roald Jacobs steals 2nd base
1-0: Ball
Wild Pitch!
Roald Jacobs to third
2-0: Fly out, F7 (Flyball, 7LD, EV 101.9 MPH)
Bottom of the 7th over - 0 runs, 1 hit, 0 errors, 1 left on base; Connecticut 3 - Staten Island 4
TOP OF THE 8TH
Connecticut Tigers batting - Pitching for Staten Island Yankees : RHP Dan Welsh
Now in LF: Bobby Arteaga
Batting: RHB Eric Angelle 0-0: Called Strike
0-1: Ball
1-1: Ball
2-1: Ball
3-1: Called Strike
3-2: Strikes out swinging
Batting: RHB Tanner Purchase 0-0: Called Strike
0-1: Ball
1-1: Ball
2-1: Ground out 6-3 (Groundball, 6, EV 108.1 MPH)
Batting: RHB Keith Hoffman 0-0: Called Strike
0-1: Foul Ball, location: 2F
0-2: Hit by Pitch
Batting: RHB John Welch 0-0: Fielders Choice at 2nd, 6-4 (Groundball, 6, EV 101.2 MPH)
Top of the 8th over - 0 runs, 0 hits, 0 errors, 1 left on base; Connecticut 3 - Staten Island 4
BOTTOM OF THE 8TH
Staten Island Yankees batting - Pitching for Connecticut Tigers : RHP Juan Murillo
Pitching: RHP Tony Kepp
Batting: LHB Claudio Kamminga 0-0: Ground out 6-3 (Groundball, 4M, EV 80.6 MPH)
Batting: RHB Chris Diaz 0-0: Called Strike
0-1: Ball
1-1: Foul Ball, location: 2F
1-2: Foul Ball, location: 2F
1-2: Ball
2-2: Ball
3-2: Ground out 5-3 (Groundball, 5L, EV 96.2 MPH)
Batting: LHB Mario Hurtado 0-0: Ball
1-0: Swinging Strike
1-1: Swinging Strike
1-2: Ground out 3-1 (Groundball, 34S, EV 79.4 MPH)
Bottom of the 8th over - 0 runs, 0 hits, 0 errors, 0 left on base; Connecticut 3 - Staten Island 4
TOP OF THE 9TH
Connecticut Tigers batting - Pitching for Staten Island Yankees : RHP Dan Welsh
Pitching: RHP Wade Cardin
Batting: RHB Riley Menger 0-0: Called Strike
0-1: Ball
1-1: Foul Ball, location: 2F
1-2: Ball
2-2: Strikes out swinging
Pinch Hitting: RHB Jamie Bass 0-0: Called Strike
0-1: SINGLE (Groundball, 56S, EV 83.8 MPH) (infield hit)
Batting: RHB Brandon O'Malley 0-0: Called Strike
0-1: Foul Ball, location: 2F
0-2: Ground out U3 (Groundball, 13, EV 83.8 MPH)
Jamie Bass to second
Batting: SHB Adam Weber 0-0: Ball
1-0: Foul Ball, location: 2F
1-1: Foul Ball, location: 2F
1-2: Foul Ball, location: 2F
1-2: Ball
2-2: Strikes out swinging
Top of the 9th over - 0 runs, 1 hit, 0 errors, 1 left on base; Connecticut 3 - Staten Island 4
Thursday, March 31st , 2022 - OOTP Baseball 22.12 Build 89